 Dungeon Crawl Stone Soup version 0.31-a0-1074-g0b22e4e0f1 (webtiles) character file.

Game seed: 17597487157352219731

84163 dragonking145 the Peltast (level 16, 0/130 HPs)
             Began as a Formicid Fighter on Dec 7, 2023.
             Was the Champion of Okawaru.
             Killed from afar by a deep elf zephyrmancer (4 damage)
             ... with a bolt of lightning
             ... on level 2 of the Elven Halls on Dec 8, 2023.
             The game lasted 01:26:17 (20992 turns).

dragonking145 the Peltast (Formicid Fighter)       Turns: 20992, Time: 01:26:17

Health: 0/130      AC: 34    Str: 29    XL:     16   Next: 26%
Magic:  16/16      EV: 19    Int:  8    God:    Okawaru [******]
Gold:   1622       SH: 14    Dex: 13    Spells: 15/15 levels left

rFire   . . .        D - +7 dire flail (heavy)
rCold   . . .        C - +0 kite shield {reflect}
rNeg    + . .        I - +11 plate armour of Time Monsters {rPois rN+ rCorr}
rPois   +            (helmet unavailable)
rElec   .            q - +0 cloak
rCorr   +            j - +0 pair of gloves
SInv    +            o - +2 pair of boots {rampage}
Will    +....        l - amulet of regeneration Stlth
                     w - +5 ring of evasion
HPRegen 1.21/turn    p - +5 ring of evasion
MPRegen 0.15/turn

%: reflection, rampage
@: no status effects
A: permanent stasis, dig shafts and tunnels, antennae 3, four strong arms
a: Dig, Shaft Self, Renounce Religion, Heroism, Finesse, Duel


You were on level 2 of the Elven Halls.
You worshipped Okawaru.
Okawaru was exalted by your worship.
You visited 5 branches of the dungeon, and saw 21 of its levels.
You also visited: Ossuary and Ice Cave.

You collected 1832 gold pieces.
You spent 210 gold pieces at shops.

Inventory:

Hand Weapons
 a - a +0 long sword
 i - a +0 dire flail of venom
 v - a +3 dire flail of holy wrath
 x - the +9 whip of Jyt Koduku {holy, rPois rF- rCorr Str+4}
   (You found it on level 5 of the Dungeon)

   Str+4:     It affects your strength (+4).
   rF-:       It makes you vulnerable to fire.
   rPois:     It protects you from poison rCorr: It protects you from acid and
   corrosion.
 y - the +5 long sword "Maytwew" {freeze, SInv}
   (You found it on level 7 of the Dungeon)

   SInv:      It lets you see invisible.
 D - a +7 heavy dire flail (weapon)
 L - a +3 great mace
 P - a +3 triple sword of freezing
Missiles
 n - a throwing net
Armour
 b - a +0 scale mail
 c - a +0 buckler
 f - a +2 plate armour
 j - a +0 pair of gloves (worn)
 o - a +2 pair of boots of rampaging (worn)
 q - a +0 cloak (worn)
 A - a +0 kite shield
 C - a +0 kite shield of reflection (worn)
 I - the +11 plate armour of Time Monsters (worn) {rPois rN+ rCorr}
   (Okawaru gifted it to you on level 2 of the Orcish Mines)

   rPois:     It protects you from poison rN+: It protects you from negative
   energy.
   rCorr:     It protects you from acid and corrosion.
Jewellery
 e - an amulet of guardian spirit
 g - a ring of magical power
 h - a ring of poison resistance
 l - an amulet of regeneration (around neck)
 p - a +5 ring of evasion (right hand)
 w - a +5 ring of evasion (left hand)
 E - a ring of fire
 K - a ring of positive energy
 N - an amulet of reflection
 O - a ring of flight
 Q - a +6 ring of strength
Wands
 r - a wand of iceblast (15)
 s - a wand of polymorph (6)
 M - a wand of paralysis (5)
 R - a wand of flame (7)
 S - a wand of quicksilver (2)
 V - a wand of mindburst (15)
Scrolls
 k - 18 scrolls of identify
 m - 17 scrolls of teleportation
 u - 2 scrolls of blinking
 z - a scroll of revelation
 B - 3 scrolls of fog
 F - 2 scrolls of butterflies
 G - a scroll of silence
 X - 2 scrolls of poison
 Y - a scroll of enchant weapon
Potions
 d - 5 potions of might
 t - 2 potions of cancellation
 H - 3 potions of haste
 J - a potion of enlightenment
 U - a potion of brilliance
 W - a potion of mutation {unknown}


   Skills:
 + Level 13.0 Fighting
 + Level 4.4 Long Blades
 + Level 15.5 Maces & Flails
 + Level 13.9 Armour
 + Level 3.3 Dodging
 + Level 1.2 Stealth
 + Level 19.0 Shields
 + Level 3.2 Evocations


You had 15 spell levels left.
You didn't know any spells.
Your spell library contained the following spells:

 Spells                   Type           Power      Damage    Failure   Level
 Cigotuvi's Dreadful Rot  Necr/Pois/Air  0%         N/A       99%         2
 Ensorcelled Hibernation  Hex/Ice        0%         N/A       99%         2
 Jinxbite                 Hex            0%         N/A       99%         2
 Passwall                 Tmut/Erth      0%         N/A       99%         2
 Static Discharge         Conj/Air       0%         3-3/arc   99%         2
 Sublimation of Blood     Necr           0%         N/A       99%         2
 Hailstorm                Conj/Ice       0%         3d3       100%        3
 Ignite Poison            Fire/Tmut/Pois 0%         N/A       100%        3
 Ozocubu's Armour         Ice            0%         N/A       100%        3
 Airstrike                Air            0%         2d(0-16)  100%        4
 Anguish                  Hex/Necr       0%         N/A       100%        4
 Alistair's Intoxication  Tmut/Pois      0%         N/A       100%        5
 Borgnjor's Vile Clutch   Necr/Erth      0%         N/A       100%        5
 Freezing Cloud           Conj/Ice/Air   0%         6-21      100%        5
 Iskenderun's Battlesphe  Conj           0%         2d6       100%        5
 Metabolic Englaciation   Hex/Ice        0%         N/A       100%        5
 Bombard                  Conj/Erth      0%         9d1       100%        6
 Eringya's Noxious Bog    Tmut/Pois      0%         4d6       100%        6
 Ozocubu's Refrigeration  Ice            0%         4d7       100%        7
 Swiftness                Air            Unusable   N/A       N/A         3
 Summon Lightning Spire   Summ/Air       Unusable   N/A       N/A         4
 Simulacrum               Ice/Necr       Unusable   N/A       N/A         6
 Spellforged Servitor     Conj/Summ      Unusable   N/A       N/A         7

Dungeon Overview and Level Annotations

Branches:
Dungeon (15/15)            Temple (1/1) D:7             Orc (2/2) D:9
    Elf (1/3) Orc:2        Vaults (0/5) D:13         Depths (1/4) D:15
Ossuary (visited)           IceCv (visited)
   Lair: D:8-11

Altars:
Ashenzari
Cheibriados
Dithmenos
Elyvilon
Fedhas
Gozag
Hepliaklqana
Kikubaaqudgha
Makhleb
Nemelex Xobeh
Okawaru
Qazlal
Ru
Sif Muna
Trog
Uskayaw
Vehumet
Wu Jian
Xom
Yredelemnul
Zin
The Shining One

Shops:
D:1 *   D:5 (   Orc:1 (   Orc:2 [:*(   Elf:1 [

Portals:
Hell: Depths:1
Abyss: Depths:1


Innate Abilities, Weirdness & Mutations

You cannot be hasted, slowed, berserked, paralysed or teleported.
You can dig through walls and to a lower floor.
You have a pair of large antennae on your head. (SInv)
Your four strong arms can wield two-handed weapons with a shield.


Message History

Your Shields skill increases to level 19!
You impale the hornet!!
You kill the hornet!
Okawaru accepts your kill.
A +2 vampiric long sword comes into view.
The deep elf knight gestures at you while chanting.
The shard of ice misses you.
The deep elf zephyrmancer gestures at you while chanting.
The bolt of lightning hits you!
* * * LOW HITPOINT WARNING * * *
You hear a shout! x4
Read: scroll of fear
Press: ? - help, Q - select action, (/) - cycle Dir - look around, f - activate
As you read the scroll of fear, it crumbles to dust.
You assume a fearsome visage.
The +2 vampiric long sword is unaffected.
The deep elf knight looks frightened!
The deep elf zephyrmancer looks frightened!
The deep elf knight mumbles some strange words.
The deep elf knight flickers and vanishes for a moment.
The deep elf zephyrmancer mumbles some strange words.
The deep elf zephyrmancer blinks!
The deep elf zephyrmancer casts a spell.
The deep elf zephyrmancer blinks!
A deep elf zephyrmancer comes into view.
It is wielding a +0 short sword.
You see here a +1 long sword of holy wrath.
The +2 vampiric long sword attacks as it pursues you!
The +2 vampiric long sword hits you but does no damage.
The +2 vampiric long sword closely misses you.
The +2 vampiric long sword hits you but does no damage.
The deep elf zephyrmancer casts a spell at you.
The bolt of lightning hits you!!
* * * LOW HITPOINT WARNING * * *
You hear a shout!
You block the +2 vampiric long sword's attack.
The +2 vampiric long sword hits you.
* * * LOW HITPOINT WARNING * * *
The deep elf zephyrmancer points at you and mumbles some strange words.
The bolt of lightning hits you.
You die...

........### .#
..........# .###
#!........# ##...##
#.........###.###.##
#............#...#.#
#.....e......#...#.#
#.....)....).#...#.#
#.........$.(.###.##
.............@...##
#...............##
####.#######..)##
...$... ##.##
....... #.# ...###
#.# ..# ###


You could see a deep elf zephyrmancer and a +2 vampiric long sword.

Vanquished Creatures
  A lich (Depths:1)
  A sphinx (Depths:1)
  2 azure jellies (IceCv)
  A fire giant (Depths:1)
  A quicksilver ooze (IceCv)
  A very ugly thing (D:15)
  2 stone giants (Depths:1)
  2 spark wasps (Depths:1)
  Josephine (D:14)
  A deep elf death mage (Elf:1)
  A fire dragon (Depths:1)
  An ettin (Depths:1)
  Fannar (D:10)
  A rakshasa (Depths:1)
  A vault guard (D:13)
  Erolcha (D:9)
  3 hydras
  An ogre mage (D:13)
  7 two-headed ogres
  3 boulder beetles
  6 centaur warriors
  5 dancing weapons
  3 hell hogs (Depths:1)
  A tengu warrior (D:13)
  2 hell knights (Depths:1)
  2 sun demons (Depths:1)
  2 deep elf knights
  A skyshark (shapeshifter) (Elf:1)
  A soul eater (Depths:1)
  3 deep elf archers (Elf:1)
  A glowing orange brain (D:15)
  A harpy (shapeshifter) (D:14)
  9 orc knights
  7 deep elf pyromancers
  17 ugly things
  5 cyclopes
  6 deep elf zephyrmancers (Elf:1)
  5 manticores
  23 slime creatures
  An elephant (shapeshifter) (D:15)
  2 ice statues (IceCv)
  2 smoke demons (Depths:1)
  3 kobold demonologists (D:12)
  An unseen horror (D:11)
  2 tengu conjurers (D:15)
  A komodo dragon (D:11)
  A meliai (shapeshifter) (D:14)
  2 polar bears (shapeshifter)
  9 trolls
  A hornet (shapeshifter) (Elf:2)
  A hornet (D:11)
  Sigmund (D:4)
  A shadow (D:13)
  4 water elementals (D:10)
  A wyvern (D:7)
  A vampire (D:12)
  9 wraiths
  A fire elemental (Elf:1)
  12 yaks
  8 vampire mosquitoes
  8 wargs
  2 steam dragons
  A basilisk (D:15)
  Edmund (D:4)
  3 great orb of eyes simulacra (IceCv)
  A water moccasin (D:7)
  41 orc warriors
  6 centaurs
  12 ogres
  3 slime creature simulacra (IceCv)
  Blork the orc (D:4)
  A kobold brigand (D:12)
  2 earth elementals (Elf:1)
  2 gnoll sergeants
  A bullfrog (D:8)
  2 glowing shapeshifter simulacra (IceCv)
  9 wights
  12 howler monkeys
  An electric eel (D:15)
  Crazy Yiuf (D:5)
  4 jellies
  17 orc priests
  A gnoll bouda (D:9)
  A hound (D:5)
  2 sleepcaps
  23 orc wizards
  4 iguanas
  A shapeshifter simulacrum (IceCv)
  3 mummies (Ossuary)
  19 gnolls
  5 adders
  A shadow imp (D:8)
  12 white imps (D:11)
  4 ufetubi (D:5)
  3 worms
  73 orcs
  5 ball pythons
  6 bats
  10 endoplasms
  2 giant cockroaches
  A gnoll zombie (Ossuary)
  6 goblins
  8 hobgoblins
  6 jackals
  3 quokkas
  A frilled lizard (D:3)
  3 goblin zombies (Ossuary)
  4 hobgoblin zombies (Ossuary)
  12 kobolds
  5 kobold zombies (Ossuary)
  An orc zombie (Ossuary)
  3 rats
556 creatures vanquished.

Vanquished Creatures (others)
  A deep elf knight (Elf:1)
  A centaur (D:14)
  3 orc wizards
5 creatures vanquished.

Grand Total: 561 creatures vanquished

Notes
Turn   | Place    | Note
-------+----------+-------------------------------------------
     0 | D:1      | dragonking145 the Formicid Fighter began the quest for the
                  | Orb.
     0 | D:1      | Reached XP level 1. HP: 18/18 MP: 1/1
   126 | D:1      | Reached XP level 2. HP: 13/24 MP: 2/2
   603 | D:1      | Reached XP level 3. HP: 24/29 MP: 3/3
   720 | D:1      | Found Ker Xoi's Assorted Antiques.
  1389 | D:2      | Reached XP level 4. HP: 26/35 MP: 4/4
  1925 | D:3      | Found a burning altar of Makhleb.
  1938 | D:3      | Noticed a green death
  2008 | D:3      | Noticed a hellwing
  2008 | D:3      | Noticed a hellwing
  2105 | D:3      | Found a faded altar of an unknown god.
  2296 | D:3      | Reached XP level 5. HP: 40/42 MP: 5/5
  2587 | D:4      | Noticed Blork the orc
  2589 | D:4      | Noticed Sigmund
  2618 | D:4      | Killed Blork the orc
  2634 | D:4      | Killed Sigmund
  2635 | D:4      | Reached skill level 5 in Shields
  2635 | D:4      | Reached XP level 6. HP: 24/49 MP: 6/6
  2758 | D:4      | Found a snail-covered altar of Cheibriados.
  2778 | D:4      | Reached XP level 7. HP: 42/55 MP: 7/7
  3098 | D:4      | Noticed Edmund
  3120 | D:4      | Killed Edmund
  3121 | D:4      | Reached skill level 1 in Maces & Flails
  3231 | D:4      | Found an opulent altar of Gozag.
  3231 | D:4      | Found a sparkling altar of Nemelex Xobeh.
  3504 | D:5      | Entered Level 5 of the Dungeon
  3599 | D:5      | Reached skill level 5 in Fighting
  3600 | D:5      | Reached skill level 5 in Armour
  3701 | D:5      | Found Ketusm's Weapon Emporium.
  3801 | D:5      | Found a runed translucent door.
  3802 | D:5      | Noticed Crazy Yiuf
  3813 | D:5      | Killed Crazy Yiuf
  3867 | D:5      | Reached skill level 6 in Shields
  4069 | D:5      | Identified the +9 whip of Jyt Koduku {holy, rPois rF- rCorr
                  | Str+4}
  4088 | D:5      | Reached XP level 8. HP: 58/62 MP: 8/8
  4270 | D:6      | Found a shimmering blue altar of Sif Muna.
  4568 | D:6      | Found a sand-covered staircase.
  4580 | Ossuary  | Entered an ossuary
  4580 | Ossuary  | Noticed a wraith
  4580 | Ossuary  | Noticed a wraith
  4580 | Ossuary  | Noticed a wraith
  4791 | Ossuary  | Noticed a wraith
  4795 | Ossuary  | Killed a wraith
  4796 | Ossuary  | Reached skill level 5 in Maces & Flails
  5447 | D:7      | Identified the +5 long sword "Maytwew" {freeze, SInv}
  5544 | D:7      | Reached XP level 9. HP: 66/69 MP: 9/9
  5774 | D:7      | Found a stormy altar of Qazlal.
  5906 | D:7      | Found a staircase to the Ecumenical Temple.
  5914 | D:7      | Reached skill level 1 in Dodging
  6048 | Temple   | Entered the Ecumenical Temple
  6067 | Temple   | Became a worshipper of Warmaster Okawaru
  6230 | D:8      | Reached skill level 7 in Shields
  6234 | D:8      | Found an ancient bone altar of Kikubaaqudgha.
  6295 | D:8      | Found a transporter.
  6295 | D:8      | Noticed a boulder beetle
  6296 | D:8      | Found a transporter.
  6328 | D:8      | Killed a boulder beetle
  6328 | D:8      | Reached * piety under Okawaru
  6328 | D:8      | Reached ** piety under Okawaru
  6329 | D:8      | Reached XP level 10. HP: 79/79 MP: 10/10
  6707 | D:9      | Found a hide-covered altar of Uskayaw.
  6789 | D:9      | Noticed a two-headed ogre
  6801 | D:9      | Killed a two-headed ogre
  6802 | D:9      | Reached skill level 8 in Shields
  6831 | D:9      | Found a glowing silver altar of Zin.
  6878 | D:9      | Reached *** piety under Okawaru
  7573 | D:9      | Found a staircase to the Orcish Mines.
  7582 | Orc:1    | Entered Level 1 of the Orcish Mines
  7582 | Orc:1    | Noticed Erolcha
  7582 | Orc:1    | Noticed an orc knight
  7621 | D:9      | Reached skill level 9 in Shields
  7668 | D:9      | Killed an orc knight
  7668 | D:9      | Reached **** piety under Okawaru
  7677 | D:9      | Reached XP level 11. HP: 53/86 MP: 11/11
  7884 | D:9      | Killed Erolcha
  8137 | Orc:1    | Found Ebbo's Antique Weapon Shoppe.
  8150 | Orc:1    | Reached skill level 10 in Shields
  8323 | Orc:2    | Entered Level 2 of the Orcish Mines
  8323 | Orc:2    | Noticed an orc knight
  8423 | Orc:1    | Killed an orc knight
  8423 | Orc:1    | Reached ***** piety under Okawaru
  8561 | Orc:2    | Noticed an orc knight
  8598 | Orc:1    | Reached skill level 10 in Armour
  8828 | Orc:2    | Noticed an orc knight
  8838 | Orc:1    | Reached skill level 11 in Shields
  8873 | Orc:1    | Received a gift from Okawaru
  8905 | Orc:1    | Killed an orc knight
  8968 | Orc:1    | Killed an orc knight
  9001 | Orc:2    | Noticed an orc knight
  9127 | Orc:2    | Reached skill level 10 in Maces & Flails
  9196 | Orc:2    | Noticed an orc knight
  9224 | Orc:1    | Killed an orc knight
  9225 | Orc:1    | Reached skill level 12 in Shields
  9225 | Orc:1    | Reached XP level 12. HP: 76/94 MP: 12/12
  9389 | Orc:2    | Found a staircase to the Elven Halls.
  9698 | Orc:2    | Found Damecw's Antique Armour Emporium.
  9698 | Orc:2    | Found Egeozu's Book Shop.
  9706 | Orc:2    | Bought a glowing kite shield for 210 gold pieces
  9755 | Orc:2    | Found Orosch's Assorted Antiques.
  9755 | Orc:2    | Found Bitwiceu's Antique Weapon Shop.
  9811 | Orc:2    | Reached ****** piety under Okawaru
  9812 | Orc:2    | Reached skill level 13 in Shields
  9837 | Orc:2    | Received a gift from Okawaru
  9861 | Orc:2    | Acquired a +4 heavy dire flail
  9861 | Orc:2    | Received a gift from Okawaru
  9863 | Orc:2    | Acquired the +11 plate armour of Time Monsters {rPois rN+
                  | rCorr}
  9863 | Orc:2    | Received a gift from Okawaru
  9946 | Orc:2    | Found a shimmering blue altar of Sif Muna.
 10083 | Elf:1    | Entered Level 1 of the Elven Halls
 10177 | D:10     | Entered Level 10 of the Dungeon
 10224 | D:10     | Noticed Fannar
 10245 | D:10     | Killed Fannar
 10363 | D:10     | Noticed a two-headed ogre
 10368 | D:10     | Killed a two-headed ogre
 10856 | D:10     | Found a shadowy altar of Dithmenos.
 10860 | D:10     | Found a radiant altar of Vehumet.
 11029 | D:11     | Reached skill level 14 in Shields
 11029 | D:11     | Reached XP level 13. HP: 102/102 MP: 13/13
 11032 | D:11     | Received a gift from Okawaru
 11063 | D:11     | Found a frozen archway.
 11112 | IceCv    | Entered an ice cave
 11321 | IceCv    | Noticed a quicksilver ooze
 11330 | IceCv    | Killed a quicksilver ooze
 11331 | IceCv    | Reached skill level 10 in Fighting
 13386 | IceCv    | HP: 1/103 [something (18)]
 13516 | IceCv    | Noticed an azure jelly
 13529 | IceCv    | Killed an azure jelly
 13534 | IceCv    | Found a viscous altar of Jiyva.
 13534 | IceCv    | Noticed an azure jelly
 13543 | IceCv    | Killed an azure jelly
 13544 | IceCv    | Reached skill level 1 in Stealth
 13639 | IceCv    | Got Sif Muna's Thoughts on Cryomancy
 13777 | D:11     | Noticed a centaur warrior
 13782 | D:11     | Killed a centaur warrior
 13782 | D:11     | Received a gift from Okawaru
 13783 | D:11     | Reached skill level 1 in Evocations
 13816 | D:11     | Reached skill level 15 in Shields
 14558 | D:11     | Found an ancient bone altar of Kikubaaqudgha.
 15540 | D:12     | Received a gift from Okawaru
 15541 | D:12     | Reached XP level 14. HP: 111/111 MP: 14/14
 16021 | D:13     | Reached skill level 16 in Shields
 16207 | D:13     | Received a gift from Okawaru
 16398 | D:13     | Found a shadowy altar of Dithmenos.
 16496 | D:13     | Found a gate to the Vaults.
 16790 | D:14     | Received a gift from Okawaru
 16957 | D:14     | Found a transporter.
 16991 | D:14     | Found a glowing golden altar of the Shining One.
 17006 | D:14     | Noticed Josephine
 17032 | D:14     | Killed Josephine
 17371 | D:14     | Reached skill level 17 in Shields
 17566 | D:15     | Entered Level 15 of the Dungeon
 17690 | D:15     | Reached XP level 15. HP: 119/119 MP: 15/15
 17761 | D:15     | Received a gift from Okawaru
 17861 | D:15     | Noticed a brown very ugly thing
 17864 | D:15     | Found a staircase to the Depths.
 17869 | D:15     | Killed a brown very ugly thing
 17882 | Depths:1 | Entered Level 1 of the Depths
 18353 | Depths:1 | Found an iron altar of Okawaru.
 18390 | Depths:1 | Noticed a fire giant
 18396 | Depths:1 | Killed a fire giant
 18396 | Depths:1 | Received a gift from Okawaru
 18402 | Depths:1 | Reached skill level 18 in Shields
 18503 | Depths:1 | Noticed a stone giant
 18508 | Depths:1 | Reached skill level 15 in Maces & Flails
 18511 | Depths:1 | Killed a stone giant
 18515 | Depths:1 | Found a gateway to Hell.
 18678 | Depths:1 | Noticed a lich
 18693 | Depths:1 | Killed a lich
 18909 | Depths:1 | Noticed a stone giant
 18919 | Depths:1 | Killed a stone giant
 19015 | Depths:1 | Noticed a sphinx
 19025 | Depths:1 | Killed a sphinx
 19225 | Depths:1 | Received a gift from Okawaru
 19360 | Depths:1 | Found a one-way gate to the infinite horrors of the Abyss.
 20151 | Elf:1    | Reached XP level 16. HP: 129/129 MP: 16/16
 20230 | Elf:1    | Found George's Dragon-Slaying Spoils.
 20587 | Elf:1    | Received a gift from Okawaru
 20624 | Elf:1    | Got the Encyclopedia of the Mortuary and Blasts
 20961 | Elf:1    | You fall into a shaft and drop 1 floor!
 20981 | Elf:2    | Reached skill level 19 in Shields
 20990 | Elf:2    | HP: 2/130 [deep elf zephyrmancer/bolt of lightning (22)]
 20992 | Elf:2    | Killed from afar by a deep elf zephyrmancer

Illustrated notes

Levels and vault maps discovered:
D:1:      lemuel_arrival_funnel, layout_basic, serial_shops,
          nicolae_shop_crystal
D:2:      layout_basic, minmay_misc_feat_alley, kennysheep_jessica_study
D:3:      layout_rooms, makhleb_altar_promises_db,
          hellmonk_ecumenical_altar_zigzags
D:4:      layout_gridville, grunt_temple_overflow_opulence,
          amcnicky_altar_gilded, uniq_blork_the_orc, uniq_edmund, uniq_sigmund
D:5:      layout_rooms, serial_shops, shop_statue, uniq_crazy_yiuf_cottage
D:6:      layout_basic, mainiacjoe_overflow_alcove_4,
          nicolae_ossuary_entry_monument
D:7:      layout_rooms, mainiacjoe_overflow_surrounded_room,
          minmay_temple_entry_statues_pillars, hex_intersection
D:8:      gammafunk_boulding_lane, layout_rooms,
          mainiacjoe_overflow_concentric_impassable, st_stairs_5,
          serial_library_hellmonk_open_square
D:9:      layout_small_grid, nicolae_overflow_crystal_walls,
          eat_drink_and_be_merry_uskayaw, orc_0_dummy, serial_bayou_crossing
D:10:     nicolae_cairo_tiling_very_big, layout_basic, minitemple,
          ebering_dispersal_statue_hall, nicolae_underground_beach, uniq_fannar
D:11:     cheibrodos_fzero, layout_small_grid, portal_ice_cave_entry_imps,
          kiku_gazebo_garden_becter
D:12:     layout_loops_corners
D:13:     layout_cave_pods, david_vaults_5, grunt_dithmenos_shadows
D:14:     layout_basic, tso_metal_star, nicolae_diode_basic, uniq_josephine
D:15:     gammafunk_enter_depths_forms, layout_basic, serial_shops,
          nicolae_shop_crystal, nicolae_lakefront_shop, nicolae_shop_waterfront,
          nicolae_twisting_strands, gauntlet_entry_generic, st_stairs_14,
          lemuel_flamethrower_2
Temple:   nicolae_temple_bog_church
Orc:1:    layout_caves, serial_shops, nicolae_shop_scrapyard, uniq_erolcha
Orc:2:    st_orc_town, layout_diamond_mine, led_sif_book
Elf:1:    elf_arrival_002, layout_loops_corners, hangedman_elf_represent,
          serial_library_hellmonk_room_c, nicolae_shop_dragon_depot
Elf:2:    nicolae_elf_blades_splatter_lattice
          [nicolae_blade_entry_sentries_behind_glass], layout_loops_cross,
          nicolae_wooded_promenade
Depths:1: layout_gridlike, hellmouth_3, minmay_misc_feat_tiny,
          abyss_entry_small_statue_room, minmay_fountain_box,
          hellmonk_okawaru_the_only_friend_you_need, firewood_loft

Skill      XL: |  1  2  3  4  5  6  7  8  9 10 11 12 13 14 15 16 |
---------------+-------------------------------------------------+-----
Long Blades    | 3 4 |  4.4
Armour         | 4 5 7 9 10 11 12 13 | 13.9
Fighting       | 4 5 6 7 8 9 10 11 12 13 | 13.0
Shields        | 5 6 7 9 12 14 15 17 18 19 | 19.0
Maces & Flails | 3 5 7 8 10 11 13 14 15 | 15.5
Dodging        | 1 2 3 |  3.3
Stealth        | 1 |  1.2
Evocations     | 1 3 |  3.2

Action                     |  1- 3 |  4- 6 |  7- 9 | 10-12 | 13-15 | 16-18 || total
---------------------------+-------+-------+-------+-------+-------+-------++-------
  Melee: Long sword        |    77 |   135 |       |       |       |       ||   212
         Dire flail        |       |    21 |   103 |   108 |   677 |    70 ||   979
         Whip              |       |       |   232 |   771 |       |       ||  1003
         Great mace        |       |       |       |     8 |       |       ||     8
 Invoke: Receive Weapon    |       |       |       |     1 |       |       ||     1
         Receive Armour    |       |       |       |     1 |       |       ||     1
Ability: Shaft Self        |       |       |       |       |       |     1 ||     1
  Evoke: Wand              |       |       |     1 |     3 |    20 |       ||    24
    Use: Scroll            |     3 |     2 |    11 |     6 |     3 |     1 ||    26
         Potion            |       |     4 |     4 |     6 |     7 |       ||    21
 Armour: Scale mail        |    21 |       |       |       |       |       ||    21
         Plate armour      |    82 |   179 |   218 |   470 |   433 |    60 ||  1442
  Dodge: Dodged            |    44 |   106 |   172 |   434 |   409 |    43 ||  1208
  Block: Buckler           |    30 |    67 |    69 |       |       |       ||   166
         Kite shield       |       |       |    26 |   653 |   544 |    45 ||  1268
         Reflection        |       |       |       |     2 |    37 |     5 ||    44

Table legend: (Time is in decaauts)
 A = Elapsed time spent in this place.
 B = Non-inter-level travel time spent in this place.
 C = Inter-level travel time spent in this place.
 D = Time resting spent in this place.
 E = Time spent auto-exploring this place.
 F = Levels seen in this place.
 G = Mean time per level.
                   A        B        C        D        E       F      G
               +--------+--------+--------+--------+--------+-----+--------+
         Total |  20900 |  18951 |   1949 |   3251 |      0 |  23 |  908.7 |
       Dungeon |  13086 |  11451 |   1635 |    597 |      0 |  15 |  872.4 |
        Temple |     52 |     37 |     15 |      0 |      0 |   1 |   52.0 |
  Orcish Mines |   2074 |   2027 |     47 |    404 |      0 |   2 | 1037.0 |
   Elven Halls |    957 |    754 |    203 |     38 |      0 |   2 |  478.5 |
        Depths |   1690 |   1642 |     48 |    390 |      0 |   1 | 1690.0 |
       Ossuary |    403 |    403 |      0 |      0 |      0 |   1 |  403.0 |
      Ice Cave |   2636 |   2636 |      0 |   1822 |      0 |   1 | 2636.0 |
               +--------+--------+--------+--------+--------+-----+--------+

Top non-repeatable levels by time:
   IceCv: 2636 daAuts
Depths:1: 1690 daAuts
    D:11: 1432 daAuts
     D:9: 1242 daAuts
   Orc:1: 1122 daAuts
     D:4: 1003 daAuts
     D:1: 979 daAuts
    D:13: 962 daAuts
   Orc:2: 951 daAuts
   Elf:1: 927 daAuts
    D:12: 901 daAuts
     D:2: 887 daAuts
    D:10: 850 daAuts
    D:14: 801 daAuts
     D:6: 787 daAuts
